 Dungeon Crawl Stone Soup version 0.23-a0-389-g4a5eb33 (webtiles) character file.

37788 nixmar the Carver (level 13, -5/122 HPs)
             Began as a Grey Draconian Fighter on Oct 29, 2018.
             Was a High Priest of Nemelex Xobeh.
             Slain by a spark wasp (17 damage)
             ... created by the adversity of Qazlal
             ... on level 4 of the Lair of Beasts.
             The game lasted 01:11:36 (20718 turns).

nixmar the Carver (Grey Draconian Fighter)         Turns: 20718, Time: 01:11:36

Health: -5/122     AC: 17    Str: 18    XL:     13   Next: 60%
Magic:  12/20      EV: 17    Int: 13    God:    Nemelex Xobeh [*****.]
Gold:   1219       SH:  0    Dex: 15    Spells: 12/12 levels left

rFire    + . .     SeeInvis .   y - +9 falchion (slice)
rCold    + . .     Gourm    +   L - +4 shield {reflect}
rNeg     . . .     Faith    .   (armour unavailable)
rPois    +         Spirit   .   o - +1 hat {Int+3}
rElec    .         Reflect  +   r - +2 cloak {rPois}
rCorr    .         Harm     .   (no gloves)
MR       .....                  (no boots)
Stlth    +.........             F - amulet of the gourmand
HPRegen  0.30/turn              f - ring of protection from fire
MPRegen  0.17/turn              c - ring of protection from cold

@: confused, flying (expiring)
A: walk through water, unfitting armour, unbreathing, cold-blooded, AC +13
a: Triple Draw, Deal Four, Stack Five, Renounce Religion


You were on level 4 of the Lair of Beasts.
You worshipped Nemelex Xobeh.
Nemelex Xobeh was extremely pleased with you.
You were very full.

You visited 2 branches of the dungeon, and saw 16 of its levels.
You also visited: Labyrinth and Bailey.

You collected 1219 gold pieces.

Inventory:

Hand Weapons
 y - a +9 falchion of slicing (weapon)
Missiles
 Z - 3 throwing nets (quivered) {!d , @Q1}
Armour
 o - a +1 hat of intelligence (worn)
 r - a +2 cloak of poison resistance (worn)
 L - a +4 shield of reflection (worn)
Jewellery
 c - a ring of protection from cold (right hand)
 f - a ring of protection from fire (left hand)
 m - an uncursed ring of protection from magic
 F - an amulet of the gourmand (around neck)
Wands
 l - a wand of paralysis (5) {@v7}
 H - a wand of clouds (5) {@v3}
 J - a wand of flame (52) {@v6}
Scrolls
 A - 2 scrolls of fog
 B - a scroll of blinking
 E - a scroll of fear
 G - 6 scrolls of remove curse {@r3}
 R - a scroll of identify {@r1}
 T - 5 scrolls of teleportation {!r, @r2}
Potions
 a - 3 potions of haste
 b - 6 potions of heal wounds {@q2}
 g - 2 potions of might {@q4}
 j - 2 potions of agility {@q5}
 k - 2 potions of mutation {!q}
 p - 12 potions of curing {@q1}
 q - a potion of ambrosia
 t - 2 potions of brilliance
 v - a potion of cancellation
Miscellaneous
 d - an ornate deck of summoning {drawn: 2}
 h - an ornate deck of destruction
 i - a plain deck of escape
 n - a plain deck of escape {drawn: 4}
 s - a legendary deck of escape {drawn: 2}
 u - a legendary deck of destruction
 w - a legendary deck of destruction
 x - an ornate deck of summoning
 z - a legendary deck of escape
 C - an ornate deck of destruction {drawn: 2}
Comestibles
 e - 23 rations


   Skills:
 - Level 13.2 Fighting
 + Level 13.6 Long Blades
 - Level 8.4 Dodging
 - Level 9.7 Shields
 - Level 9.4 Invocations


You had 12 spell levels left.
You didn't know any spells.
Your spell library contained the following spells:

 Spells                   Type           Power        Failure   Level  Hunger
 Animate Skeleton         Necr           N/A          52%         1    ##.....
 Apportation              Tloc           #.....       52%         1    ##.....
 Confusing Touch          Hex            #.....       52%         1    ##.....
 Corona                   Hex            #......      52%         1    ##.....
 Pain                     Necr           #...         52%         1    ##.....
 Summon Small Mammal      Summ           #...         52%         1    ##.....
 Blink                    Tloc           N/A          65%         2    ###....
 Ensorcelled Hibernation  Hex/Ice        #.....       65%         2    ###....
 Shroud of Golubria       Chrm/Tloc      #.........   65%         2    ###....
 Confuse                  Hex            #.......     87%         3    ####...
 Dazzling Spray           Conj/Hex       #.....       87%         3    ####...
 Gell's Gravitas          Tloc           #.........   87%         3    ####...
 Lesser Beckoning         Tloc           #.........   87%         3    ####...
 Regeneration             Chrm/Necr      #.........   87%         3    ####...
 Teleport Other           Tloc           #.......     87%         3    ####...
 Tukima's Dance           Hex            #.......     87%         3    ####...
 Vampiric Draining        Necr           #.........   87%         3    ####...
 Animate Dead             Necr           N/A          99%         4    #####..
 Leda's Liquefaction      Hex/Erth       #.........   99%         4    #####..
 Passage of Golubria      Tloc           N/A          99%         4    #####..
 Summon Lightning Spire   Summ/Air       #.......     99%         4    #####..
 Bolt of Magma            Conj/Fire/Erth #.........   100%        5    ######.
 Silence                  Hex/Air        #.........   100%        5    ######.
 Conjure Ball Lightning   Conj/Air       #.........   100%        6    #######
 Deflect Missiles         Chrm/Air       #.........   100%        6    #######
 Iron Shot                Conj/Erth      #.........   100%        6    #######
 Statue Form              Tmut/Erth      #........    100%        6    #######
 Shatter                  Erth           #.........   100%        9    #######
 Tornado                  Air            #.........   100%        9    #######


Dungeon Overview and Level Annotations

Branches:
Dungeon (12/15)            Temple (0/1) D:4            Lair (4/6) D:11
 Shoals (0/4) Lair:2       Spider (0/4) Lair:2          Orc (0/2) D:11

Altars:
Cheibriados
Fedhas
Hepliaklqana
Makhleb
Nemelex Xobeh
Okawaru
Ru
Trog
Vehumet
Wu Jian
Zin

Portals:
Trove: D:12 (give +3 gold dragon scales)

Annotations:
D:11 1 runed door
Lair:4 Kirke


Innate Abilities, Weirdness & Mutations

You can walk through water.
Your dull iron-grey scales are very hard. (AC +13)
You cannot fit into any form of body armour.
You can survive without breathing.
You are cold-blooded and may be slowed by cold attacks.


Message History

* * * LOW HITPOINT WARNING * * *
The yak gores you!
* * * LOW HITPOINT WARNING * * *
The spark wasp barely misses you. The yak barely misses you.
The catoblepas breathes a plume of calcifying dust at you.
The blast of calcifying dust hits the yak.
The yak dies!
The blast of calcifying dust hits the spark wasp.
The blast of calcifying dust hits you!
Kirke casts a spell.
Nothing appears to happen.
The hog squeals angrily.
Okay, then.
You're too confused!
You feel much better.
You are engulfed in raging winds.
* * * LOW HITPOINT WARNING * * *
The yak dies!
The hog dies!
The yak dies!
The hog dies!
The spark wasp stings you!
You die...
Your body glows slightly and disappears.

##....#
#.....# ##
#P...>####P#
...........
#[.........
##§§§§§D§§..
#§§§§§§§§...
#h§§§Y§§...
##@y§§§§§h.h
#§y§v§§§§§@.
#§§§§§§§§...
##§§§§§§§...
#§§§§§§§§..
#§§§§§§§§..
#.§..§.###.
P....P##
##....##


You could see a catoblepas, an eight-headed hydra, 2 spark wasps, 2 hogs and a
friendly twister.

Vanquished Creatures
  Gastronok (D:11)
  A spark wasp (D:12)
  Josephine (D:10)
  Erolcha (D:9)
  The ghost of MisterFreud the Grappler, a journeyman TrMo of Qazlal (D:11)
  A hydra (Lair:1)
  A catoblepas (Lair:2)
  2 death yaks (Lair:3)
  2 two-headed ogres
  An unseen horror (D:11)
  2 lindwurms (Lair:3)
  2 orc knights (D:10)
  A deep elf mage (D:12)
  An oklob plant (Lair:1)
  3 elephants (Lair:2)
  3 spiny frogs (Lair:3)
  A gargoyle (D:12)
  A kobold demonologist (D:12)
  A komodo dragon (Lair:3)
  2 trolls
  A hornet (Lair:3)
  3 hippogriffs
  4 blink frogs (Lair:2)
  A centaur simulacrum (D:11)
  2 shadows (Lab)
  6 redbacks
  2 wraiths (D:10)
  17 yaks
  A hungry ghost (D:12)
  A basilisk (Lair:3)
  17 wargs (D:10)
  An acid dragon (D:12)
  8 water moccasins
  Duvessa (D:6)
  8 porcupines
  10 orc warriors
  6 ice beasts
  A phantom (D:6)
  2 black bears
  3 ogres (D:8)
  6 wolves
  3 centaurs
  8 crocodiles
  3 big kobolds
  13 bullfrogs
  Dowan (D:6)
  4 scorpions
  A water moccasin skeleton (D:8)
  22 killer bees
  7 howler monkeys
  2 crimson imps (D:5)
  A quasit (D:10)
  A jelly (D:5)
  A centaur skeleton (D:11)
  4 hounds
  Crazy Yiuf (D:3)
  7 orc priests
  2 bullfrog skeletons
  Jessica (D:3)
  5 worker ants
  A hound zombie (D:7)
  A hound skeleton (D:7)
  A worker ant zombie (D:5)
  3 gnolls (D:2)
  12 adders
  A howler monkey skeleton (D:8)
  2 shadow imps
  An adder zombie (D:5)
  An adder skeleton (D:8)
  2 dart slugs
  2 leopard geckos (D:3)
  54 orcs
  3 giant cockroaches
  12 goblins
  14 hobgoblins
  6 jackals
  4 quokkas
  5 ball pythons
  9 bats
  2 frilled lizards
  20 kobolds
  2 quokka skeletons
  8 rats
  2 plants
385 creatures vanquished.

Vanquished Creatures (collateral kills)
  A ghost moth (Lab)
  A hydra (Lair:2)
  Harold (D:9)
  A two-headed ogre (D:11)
  An ugly thing (D:11)
  A deep elf mage (D:8)
  2 manticores (D:11)
  A spectral centaur (D:11)
  A troll (D:11)
  Grinder (D:3)
  2 hippogriffs
  11 yaks
  2 hogs (Lair:4)
  3 wraiths
  Grum (D:8)
  A hungry ghost (D:8)
  An acid dragon (D:11)
  A warg (D:10)
  12 orc warriors
  An ice beast (D:12)
  3 ogres
  3 wolves (D:8)
  2 centaurs (D:11)
  2 big kobolds (D:10)
  2 bullfrogs (D:11)
  A scorpion (D:4)
  4 killer bees (D:8)
  3 crimson imps (D:11)
  A bullfrog zombie (D:11)
  3 orc priests
  2 hounds (D:11)
  An iguana (D:4)
  2 orc wizards (D:7)
  4 worker ants
  A bullfrog simulacrum (D:11)
  A centaur simulacrum (D:11)
  4 gnolls (D:5)
  A shadow imp (D:11)
  3 leopard geckos
  46 orcs
  A quokka (D:5)
  3 kobolds (D:10)
139 creatures vanquished.

Vanquished Creatures (others)
  A death yak (Lair:3)
  2 yaks (Lair:4)
  A porcupine (Lair:4)
  A bush (D:9)
  2 fungi
  2 plants
9 creatures vanquished.

Grand Total: 533 creatures vanquished

Notes
Turn   | Place    | Note
-------+----------+-------------------------------------------
     0 | D:1      | nixmar the Draconian Fighter began the quest for the Orb.
     0 | D:1      | Reached XP level 1. HP: 19/19 MP: 1/1
   219 | D:1      | Reached XP level 2. HP: 26/26 MP: 2/2
  1040 | D:2      | Reached XP level 3. HP: 30/33 MP: 3/3
  1220 | D:2      | Reached XP level 4. HP: 32/40 MP: 4/4
  1422 | D:2      | Found a hazy altar of Hepliaklqana.
  1487 | D:2      | Found a faded altar of an unknown god.
  1510 | D:2      | Became a worshipper of Nemelex Xobeh the Trickster
  1510 | D:2      | Received a gift from Nemelex Xobeh
  1510 | D:2      | Reached * piety under Nemelex Xobeh
  1510 | D:2      | Received a gift from Nemelex Xobeh
  1759 | D:3      | Found a runed door.
  1763 | D:3      | Noticed Crazy Yiuf
  1770 | D:3      | Killed Crazy Yiuf
  1770 | D:3      | Reached XP level 5. HP: 33/47 MP: 5/5
  1932 | D:3      | Received a gift from Nemelex Xobeh
  2103 | D:3      | Noticed Grinder
  2115 | D:3      | Paralysed by Grinder for 6 turns
  2121 | D:3      | Killed Grinder
  2121 | D:3      | Reached skill level 5 in Fighting
  2279 | D:3      | Noticed Jessica
  2285 | D:3      | Killed Jessica
  2285 | D:3      | Reached XP level 6. HP: 37/56 MP: 6/6
  3222 | D:4      | Found an ornate altar of the Wu Jian Council.
  3271 | D:4      | Found a staircase to the Ecumenical Temple.
  3273 | D:4      | Reached ** piety under Nemelex Xobeh
  3504 | D:4      | Found a bloodstained altar of Trog.
  3545 | D:4      | Reached skill level 5 in Long Blades
  3916 | D:5      | Entered Level 5 of the Dungeon
  4002 | D:5      | Received a gift from Nemelex Xobeh
  4021 | D:5      | Your scales start taking on a dull iron-grey colour.
  4021 | D:5      | Reached XP level 7. HP: 62/62 MP: 7/7
  4021 | D:5      | Gained mutation: You can survive without breathing. [Grey
                  | Draconian growth]
  4185 | D:5      | Reached skill level 1 in Invocations
  4514 | D:5      | Received a gift from Nemelex Xobeh
  4981 | D:6      | Reached skill level 5 in Shields
  4981 | D:6      | Reached XP level 8. HP: 65/71 MP: 9/9
  5097 | D:6      | Reached *** piety under Nemelex Xobeh
  5101 | D:6      | Noticed Sigmund
  5104 | D:6      | Noticed Sigmund
  5104 | D:6      | Sigmund changed into Sigmund the howler monkey
  5111 | D:6      | Killed Sigmund the howler monkey
  5333 | D:6      | Found a sacrificial altar of Ru.
  5385 | D:6      | Noticed Duvessa
  5386 | D:6      | Noticed Dowan
  5401 | D:6      | Killed Duvessa
  5417 | D:6      | Killed Dowan
  5643 | D:6      | Noticed Eustachio
  5656 | D:6      | Noticed Eustachio
  5656 | D:6      | Eustachio changed into Eustachio the howler monkey
  5662 | D:6      | Killed Eustachio the howler monkey
  5886 | D:6      | Reached **** piety under Nemelex Xobeh
  6069 | D:6      | Received a gift from Nemelex Xobeh
  6299 | D:7      | Found a flagged portal.
  6305 | Bailey   | Entered a bailey
  7069 | Bailey   | Reached XP level 9. HP: 79/79 MP: 10/12
  7307 | D:7      | Received a gift from Nemelex Xobeh
  7774 | D:7      | Received a gift from Nemelex Xobeh
  8172 | D:8      | Noticed Grum
  8174 | D:8      | Reached skill level 5 in Dodging
  8179 | D:8      | Killed Grum
  8201 | D:8      | Found a snail-covered altar of Cheibriados.
  8475 | D:8      | Reached skill level 5 in Invocations
  8611 | D:8      | Noticed a deep elf mage
  8627 | D:8      | Killed a deep elf mage
  9048 | D:8      | Reached ***** piety under Nemelex Xobeh
  9084 | D:8      | Found a radiant altar of Vehumet.
  9151 | D:8      | Reached XP level 10. HP: 80/90 MP: 14/14
  9205 | D:8      | Found a burning altar of Makhleb.
  9211 | D:8      | Found an iron altar of Okawaru.
  9213 | D:8      | Found a blossoming altar of Fedhas.
  9481 | D:8      | Found a glowing silver altar of Zin.
  9511 | D:9      | Noticed Harold
  9513 | D:9      | Noticed a smoke demon
  9523 | D:9      | Killed Harold
  9561 | D:9      | Received a gift from Nemelex Xobeh
  9651 | D:9      | Found a bloodstained altar of Trog.
  9689 | D:9      | Noticed Erolcha
  9695 | D:9      | Killed Erolcha
 10311 | D:9      | Received a gift from Nemelex Xobeh
 10319 | D:9      | Noticed a two-headed ogre
 10377 | D:9      | Killed a two-headed ogre
 10961 | D:10     | Entered Level 10 of the Dungeon
 10965 | D:10     | Noticed Josephine
 10973 | D:10     | Killed Josephine
 10973 | D:10     | Reached skill level 10 in Fighting
 11051 | D:10     | Reached XP level 11. HP: 85/100 MP: 15/15
 11503 | D:10     | Noticed an orc knight
 11565 | D:10     | Received a gift from Nemelex Xobeh
 12043 | D:10     | Reached skill level 10 in Long Blades
 12190 | D:10     | Noticed an orc knight
 12199 | D:10     | Killed an orc knight
 12269 | D:10     | Received a gift from Nemelex Xobeh
 12269 | D:10     | Noticed an orc knight
 12284 | D:10     | Killed an orc knight
 12868 | D:11     | Found a staircase to the Orcish Mines.
 12885 | D:11     | Found a runed gate.
 12885 | D:11     | Found a runed gate.
 12885 | D:11     | Found a runed gate.
 12885 | D:11     | Noticed MisterFreud's ghost (journeyman TrMo)
 12911 | D:11     | Killed MisterFreud's ghost
 12994 | D:11     | Killed an unseen horror
 13025 | D:11     | Noticed Gastronok
 13035 | D:11     | Killed Gastronok
 13035 | D:11     | Reached XP level 12. HP: 70/110 MP: 17/17
 13628 | D:11     | Found a staircase to the Lair.
 13752 | D:11     | Received a gift from Nemelex Xobeh
 13757 | D:11     | Found a runed door.
 13793 | D:11     | Noticed a two-headed ogre
 13798 | D:11     | Killed a two-headed ogre
 13892 | D:11     | Found a runed door.
 14102 | D:11     | Noticed a two-headed ogre
 14123 | D:11     | Killed a two-headed ogre
 14534 | D:12     | Found a portal to a secret trove of treasure.
 14825 | D:12     | Noticed an eight-headed hydra
 14827 | D:12     | Noticed a spark wasp
 14827 | D:12     | an eight-headed hydra changed into a spark wasp
 14834 | D:12     | Killed a spark wasp
 14987 | D:12     | Received a gift from Nemelex Xobeh
 15549 | Lair:1   | Entered Level 1 of the Lair of Beasts
 15900 | Lair:1   | Found a labyrinth entrance.
 15909 | Lab      | Entered a labyrinth
 16531 | Lab      | Identified the +4 short sword "Ywixeu" {freeze, +Rage MP+9
                  | Int+3 Stlth+}
 16531 | Lab      | Noticed a minotaur
 16532 | Lab      | a minotaur changed into something unseen
 16537 | Lab      | Killed a ghost moth
 16744 | Lair:1   | Noticed a six-headed hydra
 16757 | Lair:1   | Killed a 13-headed hydra
 16773 | Lair:1   | Received a gift from Nemelex Xobeh
 16945 | Lair:1   | Reached XP level 13. HP: 112/119 MP: 19/19
 17571 | Lair:2   | Received a gift from Nemelex Xobeh
 17607 | Lair:2   | Found a staircase to the Shoals.
 17610 | Lair:2   | Reached ****** piety under Nemelex Xobeh
 18522 | Lair:2   | Received a gift from Nemelex Xobeh
 18608 | Lair:2   | Found a hole to the Spider Nest.
 19691 | Lair:3   | Received a gift from Nemelex Xobeh
 20305 | Lair:3   | Received a gift from Nemelex Xobeh
 20715 | Lair:4   | Noticed a spark wasp
 20715 | Lair:4   | Noticed a spark wasp
 20715 | Lair:4   | Noticed Kirke
 20717 | Lair:4   | HP: 1/122 [yak (8)]
 20718 | Lair:4   | Slain by a spark wasp

Vault maps used:
D:1:      eino_arrival_water_star, minmay_misc_feat_enclosed
D:2:      overflow_temple_1_default, chequers_ecumenical_altar_simple,
          minmay_shallow_snake_nest
D:3:      first_ration, uniq_crazy_yiuf_cottage, uniq_jessica, uniq_grinder
D:4:      old_standard_altar, minmay_temple_entry_nine_rooms, trog_hazing_becter
D:5:      hangedman_decor_lopped
D:6:      lemuel_crystal_altar, minmay_misc_feat_iff, uniq_eustachio,
          uniq_duvessa, uniq_sigmund
D:7:      enter_bailey_2
D:8:      amethyst_overflow_temple_binary, old_standard_altar, minitemple,
          special_room, grunt_ogre_cave, uniq_grum
D:9:      lemuel_crystal_altar, special_room, serial_park_tiny_2, uniq_erolcha,
          uniq_harold
D:10:     lemuel_castle_with_subvaults, uniq_josephine
D:11:     cheibrodos_histonic, grunt_lair_entry_orc_guard_hut, orc_0_dummy,
          gammafunk_ghost_necromancy, uniq_gastronok
D:12:     enter_trove_1, minmay_fountain_box
Lair:1:   lab_entry_generic, minmay_lair_oklob_chamber, grunt_megastairs_1
Lair:2:   shoals_dummy_entry, spider_nest_entry_webs,
          infiniplex_staircase_pool_2
Lair:3:   cheibrodos_lair_overgrown_chateau, serial_bayou_shore_b
Lair:4:   basic_altar, uniq_kirke
Lab:      labyrinth_green, nicolae_lab_dead_end, nicolae_lab_lava, lab_block,
          labyrinth_glass_1
Bailey:   bailey_polearm_1, bailey

Skill      XL: |  1  2  3  4  5  6  7  8  9 10 11 12 13 |
---------------+----------------------------------------+-----
Fighting       | 4 5 6 7 8 10 11 12 13 | 13.2
Long Blades    | 3 4 5 6 8 9 10 12 13 | 13.6
Shields        | 4 5 6 7 8 9 |  9.7
Invocations    | 2 4 5 6 7 9 |  9.4
Dodging        | 3 4 5 6 7 8 |  8.4

Action                   |  1- 3 |  4- 6 |  7- 9 | 10-12 | 13-15 || total
-------------------------+-------+-------+-------+-------+-------++-------
Melee: Long sword        |    79 |   142 |   358 |    11 |       ||   590
       Tailslap          |     9 |    21 |    71 |   110 |    45 ||   256
       Falchion          |       |       |       |   676 |   213 ||   889
Invok: Triple Draw       |       |       |       |       |     1 ||     1
       Deal Four         |       |       |       |       |     1 ||     1
Evoke: Deck              |       |     5 |    25 |    47 |    14 ||    91
       Wand              |       |       |    22 |    33 |     4 ||    59
  Use: Scroll            |     5 |     3 |     3 |    24 |       ||    35
       Potion            |     2 |     2 |     1 |       |     2 ||     7
 Stab: Sleeping          |       |     2 |     2 |     1 |     1 ||     6
       Distracted        |       |       |       |     2 |     1 ||     3
       Paralysed         |       |       |       |     7 |       ||     7
  Eat: Chunk             |     1 |     9 |    10 |    33 |    11 ||    64
       Ration            |       |       |     2 |     1 |       ||     3
Armor: Skin              |    19 |    39 |   119 |   114 |    36 ||   327
Dodge: Dodged            |    41 |    69 |   189 |   269 |    73 ||   641
Block: Shield            |    41 |    91 |   227 |   346 |   125 ||   830
       Rpst.: Long sword |    16 |    15 |    42 |     3 |       ||    76
       Falchion          |       |       |       |    75 |    24 ||    99

Table legend:
 A = Non-vault XP
 B = Vault XP
 C = Vault XP percentage of total XP
 D = Non-vault monster count
 E = Vault monster count
 F = Vault count percentage of total count
                 A         B        C        D         E       F
            +---------+---------+-------+---------+---------+-------
      Total |   29885 |   24098 |  44.6 |     325 |     201 |  38.2
            +---------+---------+-------+---------+---------+-------
        D:1 |      40 |       0 |   0.0 |      25 |       0 |   0.0
        D:2 |     106 |      19 |  15.2 |      20 |       4 |  16.7
        D:3 |      52 |     213 |  80.4 |      22 |       3 |  12.0
        D:4 |     220 |      11 |   4.8 |       6 |       6 |  50.0
        D:5 |     663 |       0 |   0.0 |      30 |       0 |   0.0
        D:6 |     575 |     328 |  36.3 |      11 |       4 |  26.7
        D:7 |     569 |       0 |   0.0 |      19 |       0 |   0.0
        D:8 |    1259 |     822 |  39.5 |      23 |      26 |  53.1
        D:9 |    1894 |    1835 |  49.2 |      16 |      27 |  62.8
       D:10 |    2087 |    6126 |  74.6 |      32 |      53 |  62.4
       D:11 |    1804 |    7062 |  79.7 |      22 |      35 |  61.4
       D:12 |    5524 |       0 |   0.0 |      41 |       0 |   0.0
     Lair:1 |    3322 |     572 |  14.7 |      17 |       1 |   5.6
     Lair:2 |    6416 |     418 |   6.1 |      23 |       2 |   8.0
     Lair:3 |    4246 |    2939 |  40.9 |      11 |      15 |  57.7
     Lair:4 |    1108 |     359 |  24.5 |       7 |       2 |  22.2
        Lab |       0 |    2595 | 100.0 |       0 |       7 | 100.0
     Bailey |       0 |     799 | 100.0 |       0 |      16 | 100.0
            +---------+---------+-------+---------+---------+-------
